 Dungeon Crawl Stone Soup version 0.22-a0-161-g198051c (webtiles) character file.

161 b5mith the Skirmisher (level 5, -2/42 HPs)
             Began as a Human Berserker on Feb 10, 2018.
             Was a Believer of Trog.
             Slain by spacecaptainspiff's ghost (6 damage)
             ... on level 4 of the Dungeon.
             The game lasted 00:16:09 (2741 turns).

b5mith the Skirmisher (Human Berserker)             Turns: 2741, Time: 00:16:09

Health: -2/42      AC:  8    Str: 19    XL:     5   Next: 70%
Magic:  5/5        EV:  7    Int: 12    God:    Trog [**....]
Gold:   111        SH:  0    Dex: 12    Spells: 4/4 levels left

rFire    . . .     SeeInvis +   a - +1 spear
rCold    . . .     Gourm    .   (no shield)
rNeg     . . .     Faith    .   k - +0 chain mail
rPois    .         Spirit   .   (no helmet)
rElec    .         Reflect  .   (no cloak)
rCorr    .         Harm     .   (no gloves)
MR       .....                  (no boots)
Stlth    ..........             (no amulet)
HPRegen  0.14/turn              l - ring of see invisible
MPRegen  0.09/turn              (no ring)

@: brilliant, extremely drained
A: no striking features
a: Berserk, Trog's Hand, Burn Spellbooks, Renounce Religion


You were on level 4 of the Dungeon.
You worshipped Trog.
Trog was pleased with you.
You were not hungry.

You visited 1 branch of the dungeon, and saw 4 of its levels.

You collected 111 gold pieces.

Inventory:

Hand Weapons
 a - a +1 spear (weapon)
 b - a +0 hunting sling
 g - a +0 rapier of speed
Missiles
 m - 15 sling bullets
Armour
 k - a +0 chain mail (worn)
Jewellery
 l - a ring of see invisible (left hand)
Wands
 d - a wand of iceblast (4)
 h - a wand of polymorph (14)
Scrolls
 i - a scroll of immolation
 j - 5 scrolls of teleportation
Comestibles
 c - 3 rations


   Skills:
 + Level 4.1(0.0) Fighting
 + Level 4.1(0.0) Polearms
 + Level 0.3(0.0) Slings
 - Level 0.1(0.0) Throwing
 + Level 3.1(0.0) Armour
 + Level 2.4(0.0) Dodging
 + Level 0.3(0.0) Stealth


You had 4 spell levels left.
You didn't know any spells.

Dungeon Overview and Level Annotations

Branches:
Dungeon (4/15)
 Temple: D:4-7

Altars:
Fedhas
Qazlal

Annotations:
D:4 spacecaptainspiff's ghost, amateur DrSk


Message History

You barely miss spacecaptainspiff's ghost.
Spacecaptainspiff's ghost is severely damaged.
Spacecaptainspiff's ghost hits you but does no damage.
You feel drained. Spacecaptainspiff's ghost hits you.
* * * LOW HITPOINT WARNING * * *
You feel drained.
You closely miss spacecaptainspiff's ghost.
Spacecaptainspiff's ghost is severely damaged.
Spacecaptainspiff's ghost hits you.
* * * LOW HITPOINT WARNING * * *
You feel drained.
* * * LOW HITPOINT WARNING * * *
You barely miss spacecaptainspiff's ghost.
Spacecaptainspiff's ghost is severely damaged.
Spacecaptainspiff's ghost hits you.
* * * LOW HITPOINT WARNING * * *
You feel drained.
* * * LOW HITPOINT WARNING * * *
Spacecaptainspiff's ghost hits you.
You die...

(.## .##. ... ### ... ..#
# #.# #####.#.# #.#
#.##.###......_. #.#
#.#..........#.# ##.##
#.##.....##.###.# ##...##
#........##.# .#
#.###.##########..##.###.#
#.# #......@W.....(.......
#.###.##########.........#
##...## ########### #####


You could see spacecaptainspiff's ghost.

Vanquished Creatures
  Natasha (thrice) (D:2)
  2 adders
  A worm (D:2)
  4 dart slugs
  4 leopard geckos
  4 giant cockroaches (D:1)
  4 goblins
  3 hobgoblins
  2 jackals (D:1)
  4 quokkas
  A ball python (D:1)
  7 bats
  4 frilled lizards
  5 kobolds
  12 rats
60 creatures vanquished.

Notes
Turn   | Place    | Note
-------+----------+-------------------------------------------
     0 | D:1      | b5mith the Human Berserker began the quest for the Orb.
     0 | D:1      | Reached XP level 1. HP: 18/18 MP: 1/1
   110 | D:1      | Reached XP level 2. HP: 22/24 MP: 2/2
   193 | D:1      | Reached XP level 3. HP: 28/29 MP: 3/3
  1000 | D:2      | Reached XP level 4. HP: 29/36 MP: 4/4
  1133 | D:2      | Reached ** piety under Trog
  1619 | D:3      | Noticed Natasha
  1657 | D:2      | HP: 1/37 [Natasha (3)]
  1661 | D:2      | Killed Natasha
  1661 | D:2      | Reached XP level 5. HP: 19/42 MP: 5/5
  1670 | D:2      | Noticed Natasha
  1679 | D:2      | HP: 2/42 [Natasha (7)]
  1761 | D:2      | HP: 2/42 [Natasha/magic dart (7)]
  1765 | D:2      | Killed Natasha
  1782 | D:2      | Noticed Natasha
  1802 | D:2      | Killed Natasha
  2156 | D:3      | Found a stormy altar of Qazlal.
  2493 | D:4      | Found a blossoming altar of Fedhas.
  2497 | D:4      | Noticed spacecaptainspiff's ghost (amateur DrSk)
  2741 | D:4      | Slain by spacecaptainspiff's ghost

Vault maps used:
D:1:      eino_arrival_cavern_a, minmay_statues_item
D:3:      nicolae_qazlal_general_emergency, uniq_natasha
D:4:      chequers_temple_overflow_statue_of_worship, lemuel_crystal_altar,
          gup_sewer_entry_spiral, uniq_crazy_yiuf_cottage

Skill      XL: |  1  2  3  4  5 |
---------------+----------------+-----
Armour         | 3 |  3.1
Fighting       | 4 |  4.1
Polearms       | 4 |  4.1
Slings         | |  0.3
Throwing       | |  0.1
Dodging        | |  2.4
Stealth        | |  0.3

Action                   |  1- 3 |  4- 6 || total
-------------------------+-------+-------++-------
Melee: Spear             |   151 |   156 ||   307
 Fire: Hunting sling     |       |    18 ||    18
Throw: Stone             |     6 |    22 ||    28
       Throwing net      |       |     1 ||     1
Evoke: Wand              |       |     1 ||     1
  Use: Scroll            |     1 |     6 ||     7
       Potion            |       |     9 ||     9
 Stab: Sleeping          |     1 |       ||     1
  Eat: Chunk             |       |     2 ||     2
       Ration            |       |     2 ||     2
Armor: Animal skin       |     9 |       ||     9
       Chain mail        |    52 |    64 ||   116
       Skin              |       |    12 ||    12
Dodge: Dodged            |    71 |    42 ||   113

Table legend:
 A = Spawn XP
 B = Non-spawn XP
 C = Spawn XP percentage of total XP
 D = Spawn monster count
 E = Non-spawn monster count
 F = Spawn count percentage of total count
 G = Total turns spent on level
                    A         B        C        D         E        F      G
               +---------+---------+-------+---------+---------+-------+---------
         Total |       0 |     230 |   0.0 |       0 |      60 |   0.0 |  2741
               +---------+---------+-------+---------+---------+-------+---------
           D:1 |       0 |      65 |   0.0 |       0 |      30 |   0.0 |   974
           D:2 |       0 |     154 |   0.0 |       0 |      23 |   0.0 |  1087
           D:3 |       0 |      11 |   0.0 |       0 |       7 |   0.0 |   588
               +---------+---------+-------+---------+---------+-------+---------
